 Dungeon Crawl Stone Soup version 0.21-a0-442-g848f44b (webtiles) character file.

72 slep the Shield-Bearer (level 4, -6/40 HPs)
             Began as a Minotaur Fighter on Nov 17, 2017.
             Killed from afar by an orc wizard (8 damage)
             ... with a magic dart
             ... on level 2 of the Dungeon.
             The game lasted 00:04:00 (726 turns).

slep the Shield-Bearer (Minotaur Fighter)            Turns: 726, Time: 00:04:03

Health: -6/40      AC:  7    Str: 21    XL:     4   Next: 6%
Magic:  3/3        EV:  8    Int:  0    God:
Gold:   43         SH:  9    Dex: 10    Spells: 3/3 levels left

rFire    . . .     SeeInvis .   a - +0 long sword
rCold    . . .     Gourm    .   c - +0 shield
rNeg     . . .     Faith    .   b - +0 scale mail
rPois    .         Spirit   .   (helmet restricted)
rElec    .         Reflect  .   (no cloak)
rCorr    .         Harm     .   (no gloves)
MR       .....                  (no boots)
Stlth    ..........             (no amulet)
HPRegen  0.13/turn              i - -5 ring of intelligence (curse)
MPRegen  0.08/turn              (no ring)

@: berserk cooldown, hasted and slowed, lost intelligence
A: retaliatory headbutt, horns 2
a: no special abilities


You were on level 2 of the Dungeon.
You were hungry.

You visited 1 branch of the dungeon, and saw 2 of its levels.

You collected 43 gold pieces.

Inventory:

Hand Weapons
 a - a +0 long sword (weapon)
Missiles
 j - 30 stones (quivered)
Armour
 b - a +0 scale mail (worn)
 c - a +0 shield (worn)
Jewellery
 i - a cursed -5 ring of intelligence (left hand)
Scrolls
 e - 3 scrolls of teleportation {unknown}
 g - a scroll of remove curse {unknown}
 k - a scroll of blinking {unknown}
 n - 2 scrolls of fear {unknown}
Potions
 d - a potion of might
 h - a potion of berserk rage
Comestibles
 f - a bread ration


   Skills:
 + Level 4.1 Fighting
 + Level 3.2 Long Blades
 + Level 4.2 Armour
 + Level 1.0 Dodging
 + Level 4.4 Shields


You had 3 spell levels left.
You didn't know any spells.

Dungeon Overview and Level Annotations

Branches:
Dungeon (2/15)

Altars:


Innate Abilities, Weirdness & Mutations

You reflexively headbutt those who attack you in melee.
You have a pair of horns on your head.


Message History

Items here: ( ) [ † a dagger; a robe; a stone; an orc corpse You bump into the rock wall.
You are no longer berserk.
You are exhausted.
You feel as though you will be slow longer.
The orc wizard hits you but does no damage.
You miss the orc wizard.
The orc wizard is lightly wounded.
You feel less confused.
The orc wizard mumbles some strange words.
The orc wizard blinks!
It was a potion of haste.
You feel yourself speed up.
You barely miss the orc wizard.
The orc wizard is lightly wounded.
The orc wizard mumbles some strange words.
The orc wizard blinks!
The orc wizard gestures at you while chanting.
The magic dart hits you!
You die...

#> ..... ... ...g...
#.# ....... ##.#
..#.... ... #######
#.#########
#.##......#####
#.###)..)...#.#...####
#...§@.#....#.#.......
#..###o#.#........####
...( #.#.####†#####
...o #.#.# #.# #.#
..... ..# . #..## ####
...# #..#


You could see an orc wizard.

Vanquished Creatures
  An orc wizard (D:2)
  2 dart slugs (D:1)
  3 leopard geckos (D:1)
  3 giant cockroaches (D:1)
  6 goblins
  A hobgoblin (D:1)
  4 jackals
  2 quokkas (D:2)
  6 bats
  3 frilled lizards
  3 kobolds
  4 rats
38 creatures vanquished.

Notes
Turn   | Place    | Note
-------+----------+-------------------------------------------
     0 | D:1      | slep the Minotaur Fighter began the quest for the Orb.
     0 | D:1      | Reached XP level 1. HP: 19/19 MP: 0/0
    60 | D:1      | Reached XP level 2. HP: 18/27 MP: 1/1
    86 | D:1      | Lost intelligence.
   219 | D:1      | Reached XP level 3. HP: 28/33 MP: 2/2
   719 | D:2      | Reached skill level 1 in Dodging
   719 | D:2      | Reached XP level 4. HP: 7/40 MP: 3/3
   721 | D:2      | HP: 2/60 [orc wizard/dagger (5)]
   726 | D:2      | Killed from afar by an orc wizard

Vault maps used:
D:1:      lightli_molten_gateway
D:2:      grunt_decor_mini_mirrors, uniq_robin, uniq_crazy_yiuf_cottage

Skill      XL: |  1  2  3 |
---------------+----------+-----
Armour         | 4 |  4.2
Fighting       | 4 |  4.1
Shields        | 4 |  4.4
Long Blades    | 3 |  3.2
Dodging        | 1 |  1.0

Action                   |  1- 3 |  4- 6 || total
-------------------------+-------+-------++-------
Melee: Long sword        |    90 |     3 ||    93
       Headbutt          |     7 |       ||     7
  Use: Potion            |     1 |     1 ||     2
Armor: Scale mail        |    72 |       ||    72
Dodge: Dodged            |    41 |     4 ||    45
Block: Shield            |    69 |       ||    69
       Rpst.: Long sword |    10 |       ||    10

Table legend:
 A = Spawn XP
 B = Non-spawn XP
 C = Spawn XP percentage of total XP
 D = Spawn monster count
 E = Non-spawn monster count
 F = Spawn count percentage of total count
 G = Total turns spent on level
                    A         B        C        D         E        F      G
               +---------+---------+-------+---------+---------+-------+---------
         Total |       0 |     103 |   0.0 |       0 |      38 |   0.0 |   726
               +---------+---------+-------+---------+---------+-------+---------
           D:1 |       0 |      50 |   0.0 |       0 |      26 |   0.0 |   625
           D:2 |       0 |      53 |   0.0 |       0 |      12 |   0.0 |   101
               +---------+---------+-------+---------+---------+-------+---------
